 Dungeon Sprint DCSS version 0.29.1-15-g9cfb28693d (webtiles) character file.

Game seed: 342736448901224738

2500000 Nonny the Formicid Barricade (level 21, -49/204 HPs)
             Began as a Formicid Fighter on Feb 26, 2023.
             Was the Champion of Makhleb.
             Annihilated by a meat berserker
             ... wielding a +9 battleaxe
              (75 damage)
             ... in the Dungeon (Sprint VIII: "Arena of Blood").
             The game lasted 00:00:51 (25 turns).

Nonny the Formicid Barricade (Formicid Fighter)       Turns: 25, Time: 00:00:52

Health: -49/204    AC: 13    Str: 22    XL:     21   Next: 69%
Magic:  19/35      EV: 17    Int: 10    God:    Makhleb [******]
Gold:   0          SH: 12    Dex: 21    Spells: 41/41 levels left

rFire   . . .      SeeInvis +   g - +∞ Axe of Woe
rCold   . . .      Faith    .   b - +0 buckler
rNeg    . . .      Spirit   .   a - +0 scale mail
rPois   .          Reflect  .   (helmet unavailable)
rElec   .          Harm     .   (no cloak)
rCorr   .          Rampage  .   (no gloves)
Will    ++...                   (no boots)
Stlth   +++++.....              (no amulet)
HPRegen 0.44/turn               (no ring)
MPRegen 0.24/turn               (no ring)

@: no status effects
A: permanent stasis, dig shafts and tunnels, antennae 3, four strong arms
a: Dig, Renounce Religion, Minor Destruction, Lesser Servant of Makhleb, Major
Destruction, Greater Servant of Makhleb


You were in the Dungeon.
You worshipped Makhleb.
Makhleb was exalted by your worship.
You visited 1 branch

Inventory:

Hand Weapons
 g - the +∞ Axe of Woe (weapon)
   (You found it in the Dungeon)
Armour
 a - a +0 scale mail (worn)
 b - a +0 buckler (worn)
Potions
 c - a potion of might
 d - a potion of curing
 e - a potion of heal wounds
 f - 2 potions of magic


   Skills:
 O Level 27 Fighting
 + Level 10.9(12.8) Short Blades
 + Level 10.9(12.8) Long Blades
 O Level 27 Axes
 + Level 10.9(21.4) Maces & Flails
 + Level 10.9(21.4) Polearms
 + Level 10.9(14.4) Staves
 + Level 10.9 Ranged Weapons
 + Level 10.9 Throwing
 O Level 27 Armour
 + Level 10.0 Dodging
 + Level 14.0 Stealth
 O Level 27 Shields
 O Level 27 Unarmed Combat
 + Level 10.9 Spellcasting
 + Level 10.0 Conjurations
 + Level 14.3 Hexes
 + Level 10.9 Summonings
 + Level 10.9 Necromancy
 + Level 10.0 Translocations
 + Level 11.8 Transmutations
 + Level 12.1 Fire Magic
 + Level 12.1 Ice Magic
 + Level 10.2 Air Magic
 + Level 14.3 Earth Magic
 + Level 15.5 Poison Magic
 + Level 14.3 Invocations
 + Level 13.1 Evocations


You had 41 spell levels left.
You didn't know any spells.
Your spell library was empty.

Dungeon Overview and Level Annotations

Branches:
Dungeon (1/1)

Altars:
Makhleb


Innate Abilities, Weirdness & Mutations

You cannot be hasted, slowed, berserked, paralysed or teleported.
You can dig through walls and to a lower floor.
You have a pair of large antennae on your head. (SInv)
Your four strong arms can wield two-handed weapons with a shield.


Message History

Your Ranged Weapons skill gained 2 levels and is now at level 10!
Your Throwing skill gained 2 levels and is now at level 10!
Your Dodging skill gained 2 levels and is now at level 10!
Your Stealth skill gained 3 levels and is now at level 14!
Your Spellcasting skill gained 2 levels and is now at level 10!
Your Conjurations skill gained 2 levels and is now at level 10!
Your Hexes skill gained 3 levels and is now at level 14!
Your Summonings skill gained 2 levels and is now at level 10!
Your Necromancy skill gained 2 levels and is now at level 10!
Your Translocations skill gained 2 levels and is now at level 10!
Your Transmutations skill gained 2 levels and is now at level 11!
Your Fire Magic skill gained 3 levels and is now at level 12!
Your Ice Magic skill gained 3 levels and is now at level 12!
Your Air Magic skill gained 2 levels and is now at level 10!
Your Earth Magic skill gained 3 levels and is now at level 14!
Your Poison Magic skill gained 3 levels and is now at level 15!
Your Invocations skill gained 3 levels and is now at level 14!
Your Evocations skill gained 3 levels and is now at level 13!
You have reached level 21!
Your experience leads to an increase in your attributes!
Increase (S)trength, (I)ntelligence, or (D)exterity?
You feel agile. x2
Unknown command.
Unknown command.
Unknown command.
The meat berserker attacks as you move away!
The meat berserker hits you with a +9 battleaxe!!!
The large bag of meat appears out of thin air!
A large bag of meat comes into view. It is wielding a +9 giant spiked club.
You hear a shout!
The meat berserker rages.
You hear a shout!
A meat berserker comes into view. It is wielding a +9 battleaxe.
The meat berserker is engulfed in blazing flames.
The meat berserker hits you with a +9 battleaxe!!!!
* * * LOW HITPOINT WARNING * * *
You hear a shout! x2
The meat berserker is engulfed in blazing flames. x2
The meat berserker hits you with a +9 battleaxe!!!!
You die...

......#_.<._#.. .
......#.))..#....
#......))_.......
......).###......
...###)§).O..###.
.... #§)§§§..#
.....#§o○§...#.
......)OOOoo....
#.oOO..O@o.o....
....oo.......V..
#..o.O.........#
.....#......o.#o
..............#
....##.#.....o.O
.. ........O..
....#.....##


You could see a destroyer, 3 large bags of meat, 7 meat berserkers and 12 bags
of meat.

Vanquished Creatures
  A vampire knight (D)
  12 ogres (D)
  2 two-headed ogres (D)
  18 orcs (D)
33 creatures vanquished.

Notes
Turn   | Place    | Note
-------+----------+-------------------------------------------
     0 | D        | Found the +∞ Axe of Woe
     0 | D        | Nonny the Formicid Fighter began the quest for the Orb.
     0 | D        | Reached XP level 1. HP: 18/18 MP: 1/1
     1 | D        | Noticed a meat berserker
     1 | D        | Noticed a bag of meat
     2 | D        | Noticed a meat berserker
     2 | D        | Noticed a bag of meat
     3 | D        | Became a worshipper of Makhleb the Destroyer
     3 | D        | Noticed a meat berserker
     4 | D        | Noticed a bag of meat
     4 | D        | Noticed a bag of meat
     4 | D        | Noticed a bag of meat
     5 | D        | Killed a meat berserker
     5 | D        | Killed a meat berserker
     5 | D        | Reached * piety under Makhleb
     5 | D        | Noticed a bag of meat
     6 | D        | Reached skill level 10 in Unarmed Combat
     6 | D        | Reached XP level 2. HP: 54/54 MP: 2/2
     6 | D        | Reached XP level 3. HP: 60/60 MP: 3/3
     6 | D        | Reached XP level 4. HP: 68/68 MP: 4/4
     6 | D        | Reached XP level 5. HP: 74/74 MP: 5/5
     6 | D        | Reached XP level 6. HP: 82/82 MP: 6/6
     6 | D        | Reached XP level 7. HP: 88/88 MP: 7/7
     6 | D        | Reached XP level 8. HP: 96/96 MP: 8/8
     6 | D        | Reached XP level 9. HP: 102/102 MP: 9/9
     6 | D        | Reached XP level 10. HP: 110/110 MP: 10/10
     6 | D        | Reached XP level 11. HP: 116/116 MP: 11/11
     6 | D        | Reached XP level 12. HP: 124/124 MP: 12/12
     6 | D        | Reached XP level 13. HP: 130/130 MP: 13/13
     6 | D        | Noticed a bag of meat
     6 | D        | Noticed a bag of meat
     6 | D        | Noticed a bag of meat
     7 | D        | Killed a bag of meat
     7 | D        | Killed a bag of meat
     7 | D        | Noticed a meat berserker
     7 | D        | Noticed a bag of meat
     7 | D        | Noticed a bag of meat
     7 | D        | Noticed a bag of meat
     8 | D        | Reached XP level 14. HP: 79/141 MP: 14/14
     8 | D        | Noticed a bag of meat
     8 | D        | Killed a meat berserker
     8 | D        | Reached ** piety under Makhleb
     8 | D        | Killed a bag of meat
     8 | D        | Noticed a large bag of meat
     9 | D        | Reached skill level 27 in Shields
     9 | D        | Reached XP level 15. HP: 87/155 MP: 15/15
     9 | D        | Reached *** piety under Makhleb
     9 | D        | Noticed a meat berserker
    10 | D        | Reached skill level 27 in Fighting
    10 | D        | Reached skill level 27 in Armour
    10 | D        | Reached XP level 16. HP: 103/167 MP: 16/16
    10 | D        | Reached **** piety under Makhleb
    10 | D        | Killed a meat berserker
    10 | D        | Noticed a meat berserker
    10 | D        | Noticed a meat berserker
    11 | D        | Reached XP level 17. HP: 169/174 MP: 17/17
    11 | D        | Noticed a meat berserker
    12 | D        | Reached ***** piety under Makhleb
    13 | D        | Reached skill level 27 in Axes
    13 | D        | Killed a meat berserker
    14 | D        | Reached XP level 18. HP: 182/182 MP: 18/18
    14 | D        | Noticed a meat berserker
    15 | D        | Killed a meat berserker
    15 | D        | Noticed a meat berserker
    15 | D        | Noticed a meat berserker
    16 | D        | Reached skill level 27 in Unarmed Combat
    16 | D        | Noticed a meat berserker
    17 | D        | Killed a meat berserker
    17 | D        | Noticed a meat berserker
    18 | D        | Reached skill level 5 in Stealth
    18 | D        | Reached skill level 5 in Fire Magic
    18 | D        | Reached skill level 5 in Ice Magic
    18 | D        | Reached skill level 5 in Evocations
    18 | D        | Reached XP level 19. HP: 189/189 MP: 18/25
    18 | D        | Killed a meat berserker
    18 | D        | Noticed a large bag of meat
    18 | D        | Noticed a meat berserker
    19 | D        | Reached skill level 5 in Short Blades
    19 | D        | Reached skill level 5 in Long Blades
    19 | D        | Reached skill level 5 in Maces & Flails
    19 | D        | Reached skill level 5 in Polearms
    19 | D        | Reached skill level 5 in Staves
    19 | D        | Reached skill level 5 in Ranged Weapons
    19 | D        | Reached skill level 5 in Throwing
    19 | D        | Reached skill level 5 in Spellcasting
    19 | D        | Reached skill level 5 in Summonings
    19 | D        | Reached skill level 5 in Necromancy
    19 | D        | Reached skill level 5 in Transmutations
    19 | D        | Reached skill level 5 in Air Magic
    19 | D        | Noticed a meat berserker
    19 | D        | Reached ****** piety under Makhleb
    20 | D        | Reached skill level 5 in Dodging
    20 | D        | Reached skill level 5 in Conjurations
    20 | D        | Reached skill level 5 in Translocations
    20 | D        | Noticed a destroyer
    20 | D        | Noticed a large bag of meat
    20 | D        | Noticed a meat berserker
    21 | D        | Killed a large bag of meat
    21 | D        | Killed a meat berserker
    21 | D        | Noticed a large bag of meat
    21 | D        | Noticed a meat berserker
    22 | D        | Reached skill level 10 in Stealth
    22 | D        | Reached skill level 10 in Hexes
    22 | D        | Reached skill level 10 in Earth Magic
    22 | D        | Reached skill level 10 in Invocations
    22 | D        | Reached XP level 20. HP: 152/197 MP: 18/31
    22 | D        | Noticed a meat berserker
    22 | D        | Noticed a destroyer
    23 | D        | Killed a meat berserker
    24 | D        | Reached skill level 10 in Evocations
    24 | D        | Killed a destroyer
    24 | D        | Killed a meat berserker
    24 | D        | Killed a large bag of meat
    24 | D        | Killed a meat berserker
    25 | D        | Reached skill level 10 in Short Blades
    25 | D        | Reached skill level 10 in Long Blades
    25 | D        | Reached skill level 10 in Maces & Flails
    25 | D        | Reached skill level 10 in Polearms
    25 | D        | Reached skill level 10 in Staves
    25 | D        | Reached skill level 10 in Ranged Weapons
    25 | D        | Reached skill level 10 in Throwing
    25 | D        | Reached skill level 10 in Dodging
    25 | D        | Reached skill level 10 in Spellcasting
    25 | D        | Reached skill level 10 in Conjurations
    25 | D        | Reached skill level 10 in Summonings
    25 | D        | Reached skill level 10 in Necromancy
    25 | D        | Reached skill level 10 in Translocations
    25 | D        | Reached skill level 10 in Air Magic
    25 | D        | Reached skill level 15 in Poison Magic
    25 | D        | Reached XP level 21. HP: 172/204 MP: 19/35
    25 | D        | Noticed a meat berserker
    25 | D        | Annihilated by a meat berserker

Illustrated notes

Levels and vault maps discovered:
D:        meatsprint

Skill      XL: |  1  2  3  4  5  6  7  8  9 10 11 12 13 14 15 16 17 18 19 20 |
---------------+-------------------------------------------------------------+-----
Fighting       | 21 22 25 27 | 27.0
Armour         | 21 22 25 27 | 27.0
Shields        | 24 26 27 | 27.0
Unarmed Combat | 10 11 12 14 17 26 27 | 27.0
Axes           | 3 8 13 22 27 | 27.0
Short Blades   | 4 7 10 | 10.9
Long Blades    | 4 7 10 | 10.9
Maces & Flails | 4 7 10 | 10.9
Polearms       | 4 7 10 | 10.9
Staves         | 4 7 10 | 10.9
Ranged Weapons | 4 7 10 | 10.9
Throwing       | 4 7 10 | 10.9
Dodging        | 4 7 10 | 10.0
Stealth        | 5 10 14 | 14.0
Spellcasting   | 4 7 10 | 10.9
Conjurations   | 4 7 10 | 10.0
Hexes          | 6 10 14 | 14.3
Summonings     | 4 7 10 | 10.9
Necromancy     | 4 7 10 | 10.9
Translocations | 4 7 10 | 10.0
Transmutations | 4 8 11 | 11.8
Fire Magic     | 5 8 12 | 12.1
Ice Magic      | 5 8 12 | 12.1
Air Magic      | 4 7 10 | 10.2
Earth Magic    | 6 10 14 | 14.3
Poison Magic   | 6 11 15 | 15.5
Invocations    | 6 10 14 | 14.3
Evocations     | 5 9 13 | 13.1

Action                   |  1- 3 |  4- 6 |  7- 9 | 10-12 | 13-15 | 16-18 | 19-21 || total
-------------------------+-------+-------+-------+-------+-------+-------+-------++-------
Melee: Executioner's axe |     1 |       |       |       |     3 |     6 |     5 ||    15
